 Dungeon Crawl Stone Soup version 0.28.0-53-g5a82cb258f (webtiles) character file.

Game seed: 4245702660011760965

57 Sin92 the Skirmisher (level 3, 0/29 HPs)
             Began as a Demonspawn Fighter on June 27, 2022.
             Slain by a seven-headed hydra (1 damage)
             ... on level 6 of the Dungeon.
             The game lasted 00:02:45 (2208 turns).

Sin92 the Skirmisher (Demonspawn Fighter)           Turns: 2208, Time: 00:02:45

Health: 0/29       AC:  6    Str: 18    XL:     3   Next: 73%
Magic:  3/3        EV:  9    Int:  9    God:
Gold:   58         SH:  5    Dex: 14    Spells: 2/2 levels left

rFire   . . .      SeeInvis .   a - +0 long sword
rCold   . . .      Faith    .   c - +0 buckler
rNeg    . . .      Spirit   .   b - +0 scale mail
rPois   .          Reflect  .   (no helmet)
rElec   .          Harm     .   (no cloak)
rCorr   .          Rampage  .   (no gloves)
Will    .....                   (no boots)
Stlth   +.........              j - amulet of regeneration
HPRegen 0.89/turn               (no ring)
MPRegen 0.08/turn               (no ring)

@: mighty
A: thin skeletal structure 1, weakness stinger 1
a: no special abilities


You were on level 6 of the Dungeon.
You visited 1 branch of the dungeon, and saw 4 of its levels.

You collected 58 gold pieces.

Inventory:

Hand Weapons
 a - a +0 long sword (weapon)
Armour
 b - a +0 scale mail (worn)
 c - a +0 buckler (worn)
Jewellery
 j - an amulet of regeneration (around neck)
Potions
 d - 2 potions of might
 f - a potion of heal wounds
 g - a potion of curing
 h - a potion of lignification
 k - a potion of brilliance


   Skills:
 + Level 3.3 Fighting
 * Level 2.6 Long Blades
 + Level 3.0 Armour
 + Level 1.0 Dodging
 + Level 3.0 Shields


You had 2 spell levels left.
You didn't know any spells.
Your spell library was empty.

Dungeon Overview and Level Annotations

Branches:
Dungeon (6/15)             Temple (0/1) D:6

Altars:
Qazlal

Shops:
D:3 *

Annotations:
D:6 exclusion: oklob sapling


Innate Abilities, Weirdness & Mutations

You have a somewhat thin skeletal structure. (Dex +2, Stealth+)
You have a small tail.


Message History

The ufetubus closely misses you. You block the ufetubus's attack.
You aren't carrying any scrolls.
You barely miss the ufetubus. The hound bites you.
The ufetubus hits you but does no damage.
The ufetubus barely misses you. The hound bites you.
The ufetubus hits you but does no damage.
The ufetubus closely misses you.
You slash the ufetubus!
You kill the ufetubus!
The hound bites you. The centaur barely misses you. x2
The hound closely misses you. The adder bites you but does no damage.
Your Dodging skill increases to level 1!
Unknown command.
You slash the hound!
The hound is heavily wounded.
The centaur hits you but does no damage.
The centaur kicks you but does no damage.
The adder bites you. The hound bites you but does no damage.
The centaur hits you but does no damage.
The centaur kicks you but does no damage.
The hound bites you but does no damage. The adder bites you but does no damage.
You closely miss the hound. The hound completely misses you.
The centaur barely misses you. The centaur kicks you.
The hound barely misses you. The adder barely misses you.
The hound barely misses you.
The centaur hits you but does no damage.
The centaur kicks you but does no damage.
Unknown command.
You chop one of the six-headed hydra's heads off!
The five-headed hydra grows two more!
You slash the seven-headed hydra! You tail-slap the seven-headed hydra!
The seven-headed hydra is moderately wounded.
The hound barely misses you. The centaur hits you.
The centaur barely misses you. The adder bites you but does no damage.
The hound barely misses you.
The seven-headed hydra closely misses you.
The seven-headed hydra bites you!
* * * LOW HITPOINT WARNING * * *
The seven-headed hydra bites you.
You die...

#.Z.#...#.
#....#.#..
#.....#...
#.........
#.Zo..###
#.oo..#
##'##.#
##cW..#
#@Dh..#
#hS..##
#....#
#.....#
#.....#
#.....#
#######


You could see a seven-headed hydra, a wraith, a centaur, 2 hounds, an adder, 3
orcs and a howler monkey skeleton.

Vanquished Creatures
  An adder (D:3)
  An ufetubus (D:6)
  An adder skeleton (D:2)
  2 worms (D:2)
  A dart slug (D:2)
  5 ball pythons
  2 bats
  3 endoplasms
  3 goblins
  2 hobgoblins (D:1)
  2 kobolds (D:2)
  2 quokkas
  A frilled lizard (D:2)
  6 rats
32 creatures vanquished.

Vanquished Creatures (others)
  A plant (D:2)
1 creature vanquished.

Grand Total: 33 creatures vanquished

Notes
Turn   | Place    | Note
-------+----------+-------------------------------------------
     0 | D:1      | Sin92 the Demonspawn Fighter began the quest for the Orb.
     0 | D:1      | Reached XP level 1. HP: 18/18 MP: 1/1
   954 | D:1      | Gained mutation: You have a somewhat thin skeletal
                  | structure. (Dex +2, Stealth+) [demonic ancestry]
   954 | D:1      | Reached XP level 2. HP: 23/24 MP: 2/2
  1442 | D:2      | Gained mutation: You have a small tail. [demonic ancestry]
  1442 | D:2      | Reached XP level 3. HP: 29/29 MP: 3/3
  1854 | D:2      | Found a stormy altar of Qazlal.
  2133 | D:3      | Found Pirgh's General Store.
  2177 | D:3      | You fall into a shaft and drop 3 floors!
  2177 | D:6      | Noticed an oklob sapling
  2177 | D:6      | Noticed a six-headed hydra
  2177 | D:6      | Found a staircase to the Ecumenical Temple.
  2181 | D:6      | Noticed a centaur
  2187 | D:6      | Noticed a wraith
  2187 | D:6      | Noticed an eight-headed hydra
  2192 | D:6      | Noticed an ice beast
  2206 | D:6      | Reached skill level 1 in Dodging
  2208 | D:6      | HP: 1/29 [seven-headed hydra (13)]
  2208 | D:6      | Slain by a seven-headed hydra

Illustrated notes

Levels and vault maps discovered:
D:1:      dpeg_arrival_ratfight, layout_loops_ring, grunt_decor_arrowhead
D:2:      cheibrodos_old_hovel, layout_loops_ring, basic_altar,
          dk_noncrumbling_3, grunt_decor_junction
D:3:      layout_rooms, serial_shops, nicolae_lakefront_shop,
          kennysheep_generic_room_11, uniq_terence
D:6:      cheibrodos_fzero, layout_gridville, cheibrodos_worm_habitat,
          minmay_temple_entry_oklob, minmay_microvault, uniq_pikel, uniq_maggie,
          uniq_prince_ribbit1

Skill      XL: |  1  2  3 |
---------------+----------+-----
Long Blades    | 2 |  2.6
Shields        | 3 |  3.0
Armour         | 3 |  3.0
Dodging        | 1 |  1.0
Fighting       | |  3.3

Action                   || total
-------------------------++-------
Melee: Long sword        ||    99
       Tailslap          ||     7
  Use: Scroll            ||     7
       Potion            ||     1
 Stab: Sleeping          ||     1
Armor: Scale mail        ||    55
Dodge: Dodged            ||    57
Block: Buckler           ||    30
